Map: King's Cove LE

Players

TiPtOP

  • Race: Terran Terran
  • League: Silver
  • Spawn Location: 5:00

Fuzz - Winner!

  • Race: Protoss Protoss
  • League: Silver
  • Spawn Location: 11:00

VOD

Have the link to the VOD?

Description

Time

  • Played on: Aug. 16, 2019, 9:27 p.m.
  • Length: 13:14
Show
View Real Time Build Order
Export as new Build Order

TiPtOP Terran 

Build Orders:  

Get SALT Encoding   

  12  0:01  SCV  
  13  0:13  SCV  
  14  0:22  Supply Depot  
  14  0:25  SCV  
  15  0:43  SCV  
  15  0:45  Barracks  
  16  0:55  Refinery, SCV  
  17  1:11  SCV  
  18  1:34  Marine  
  18  1:38  SCV  
  20  1:42  Supply Depot  
  20  1:52  Marine  
  20  1:53  SCV  
  22  2:09  Orbital Command  
  22  2:30  Barracks Tech Lab  
  22  2:31  Factory  
  22  2:40  Command Center  
  22  2:43  SCV  
  23  3:04  SCV  
  24  3:25  SCV  
  24  3:26  Barracks Reactor  
  25  3:27  Refinery  
  25  3:35  Siege Tank  
  25  3:37  SCV  
  29  3:53  Bunker  
  28  4:25  Factory  
  28  4:26  Marine x2  
  28  4:30  SCV  
  31  4:37  Orbital Command  
  31  4:42  SCV  
  32  4:59  Marine  
  32  5:00  Marine  
  32  5:01  Siege Tank  
  32  5:03  Supply Depot  
  37  5:13  Command Center  
  37  5:14  Engineering Bay  
  37  5:16  Factory Reactor  
  37  5:23  Supply Depot  
  37  5:26  Supply Depot  
  37  5:33  Armory  
  37  5:35  SCV  
  38  5:47  SCV  
  39  5:53  Siege Tank, Supply Depot  
  44  5:57  Hellion x2  
  44  5:59  SCV  
  44  6:00  Missile Turret  
  47  6:16  Command Center, Supply Depot  
  47  6:20  Refinery  
  47  6:22  Refinery  
  47  6:24  SCV  
  48  6:25  SCV  
  48  6:27  Missile Turret  
  49  6:34  Orbital Command  
  49  6:36  SCV  
  49  6:38  SCV  
  51  6:48  Thor  
  51  6:50  Hellbat  
  59  7:00  SCV x2  
  61  7:08  Orbital Command  
  61  7:12  SCV x2  
  63  7:24  SCV x2  
  65  7:31  Thor  
  61  8:11  SCV  
  61  8:12  SCV x2  
  47  8:24  SCV x2  
  47  8:36  SCV  
  48  8:46  Missile Turret  
  48  8:48  SCV  
  49  8:55  Missile Turret  
  42  9:00  SCV  
  43  9:03  Hellbat  
  43  9:04  Hellbat  
  40  9:22  SCV  
  41  9:24  SCV  
  42  9:33  Hellbat x2  
  42  9:34  SCV  
  42  9:36  SCV  
  38  9:46  SCV  
  38  9:48  SCV, Marine x2  
  40  9:58  SCV  
  41  10:01  SCV  
  41  10:06  Marine  
  44  10:10  SCV  
  44  10:11  Marine  
  44  10:13  Hellbat  
  43  10:18  SCV  
  43  10:25  Factory  
  42  10:29  Marine  
  42  10:30  Hellbat  
  42  10:31  SCV  
  38  10:43  SCV  
  38  10:47  Marine  
  40  10:52  Hellbat  
  41  11:03  SCV  
  38  11:05  Marine  
  38  11:10  Factory Tech Lab  
  38  11:15  Factory, SCV  
  38  11:18  Factory  
  30  11:27  SCV  
  22  11:47  SCV  
  16  11:59  SCV  
  1  12:31  Factory Reactor  
  1  12:42  Factory Reactor  
    12:54  Factory Reactor  
Show
View Real Time Build Order
Export as new Build Order

Fuzz Protoss - Winner!

Build Orders:  

Get SALT Encoding   

  1  0:00  Probe  
  13  0:19  Pylon  
  13  0:27  Probe  
  14  0:40  Probe, Forge  
  15  0:52  Probe  
  16  0:57  Gateway  
  16  1:23  Pylon  
  16  1:27  Probe  
  17  1:39  Probe  
  18  1:44  Photon Cannon  
  18  1:51  Zealot, Probe  
  21  2:00  Pylon  
  21  2:03  Probe  
  21  2:15  Probe  
  22  2:33  Gateway  
  22  2:35  Assimilator  
  22  2:37  Zealot  
  24  2:43  Cybernetics Core  
  24  2:49  Probe  
  24  2:52  Pylon  
  24  2:57  Probe  
  24  2:58  Gateway  
  26  3:07  Probe  
  27  3:18  Pylon  
  27  3:26  Warp Gate  
  27  3:30  Gateway  
  27  4:10  Gateway  
  27  4:12  Pylon  
  27  4:24  Protoss Ground Weapons Level 1  
  27  4:36  Nexus  
  27  4:39  Zealot  
  27  4:40  Zealot  
  27  4:41  Zealot x2  
  35  4:53  Robotics Facility  
  35  5:19  Pylon  
  35  5:23  Pylon  
  35  5:37  Gateway  
  35  5:41  Warp Prism  
  37  5:49  Probe  
  37  5:50  Twilight Council  
  38  5:57  Probe  
  38  6:02  Assimilator  
  39  6:07  Probe  
  39  6:08  Stalker  
  42  6:13  Zealot  
  42  6:17  Warp Prism  
  46  6:19  Probe  
  47  6:32  Charge  
  47  6:39  Probe  
  48  6:51  Probe  
  49  7:03  Probe  
  49  7:07  Immortal  
  54  7:15  Probe  
  55  7:27  Probe  
  48  7:39  Probe  
  48  7:41  Zealot x2  
  48  7:42  Zealot x4  
  49  8:03  Zealot x2  
  49  8:04  Zealot x3  
  49  8:05  Zealot  
  57  8:56  Zealot x4  
  57  8:57  Zealot x2  
  57  9:01  Probe  
  70  9:09  Assimilator  
  70  9:12  Assimilator  
  70  9:13  Probe  
  65  9:25  Probe  
  65  9:26  Gateway  
  65  9:30  Gateway  
  66  9:37  Probe  
  59  9:49  Zealot x4, Probe, Dark Shrine  
  59  9:50  Zealot  
  59  9:51  Zealot  
  66  10:10  Zealot  
  66  10:11  Zealot x2  
  70  10:19  Pylon  
  68  10:27  Pylon  
  66  10:31  Pylon  
  66  10:33  Nexus  
  62  10:44  Zealot x2  
  62  10:45  Zealot x3  
  62  10:46  Zealot x2  
  62  10:47  Zealot  
  76  11:21  Zealot x3  
  76  11:22  Dark Templar x2  
  76  11:23  Dark Templar  
  86  11:59  Zealot x2  
  90  12:03  Probe  
  91  12:12  Probe  
  91  12:21  Probe  
  92  12:23  Gateway  
  92  12:26  Gateway  
  93  12:33  Probe  
  94  12:45  Probe  
Tags
 
Add a new tag
Caveats
  • Supply blocks, unpowered buildings, or Contaminate may cause inaccurate times.
  • Supply counts are checked every 10 seconds.